[Event "GCT Superbet Blitz Poland 2025"]
[Site "Warsaw"]
[Date "2025.04.30"]
[Round "12"]
[White "Praggnanandhaa R"]
[Black "Firouzja, Alireza"]
[Result "1-0"]
[ECO "A01"]
[WhiteElo "2758"]
[BlackElo "2757"]
[Annotator "ChessBase"]
[PlyCount "81"]
[EventDate "2025.??.??"]
[EventType "blitz"]
[TimeControl "300+2"]

1. b3 e5 2. Bb2 Nc6 3. e3 d5 4. Bb5 Nge7 5. Bxe5 a6 6. Bxc6+ Nxc6 7. Bg3 h5 8. h4 d4 9. Ne2 Be7 ({RR} 9... Bd6 10. d3 dxe3 11. fxe3 Bg4 12. Bxd6 Qxd6 13. Nbc3 O-O-O 14. Qd2 Rhe8 15. O-O-O Qe5 16. Rde1 Qxe3 17. Qxe3 Rxe3 18. Nf4 Ree8 19. Ncd5 Nd4 20. Ne3 Ne2+ 21. Nxe2 Rxe3 22. Nf4 Rde8 23. Rxe3 Rxe3 24. Kd2 {So,W (2769)-Moussard,J (2654) Baku AZE 2023 ½-½ (44)}) ({RR} 9... Bg4 10. f3 Be6 11. Nf4 Bd6 12. O-O Qf6 13. c3 dxe3 14. dxe3 O-O-O 15. Qe1 Bc5 16. Bf2 g5 17. hxg5 Qxg5 18. Nd2 Ne5 19. Ne4 Qg7 20. Bh4 Bb6 21. Bf6 Qh6 22. Bxe5 Rhg8 23. Bd4 Bxd4 24. cxd4 {Paravyan,D (2596)-Schnaider,I (2384) chess.com INT 2025 1-0 (44)}) 10. exd4 Nxd4 11. Nbc3 $146 ({RR} 11. Nxd4 Qxd4 12. c3 Qb6 13. O-O Be6 14. d4 O-O-O 15. Nd2 g5 16. hxg5 h4 17. Be5 Rhg8 18. Ne4 Qc6 19. Qe2 Bd5 20. f3 Bxe4 21. Qxe4 Qxc3 22. Rac1 {1-0 (22) Chan,L (2147)-Parfenov,V (2193) chess.com INT 2023}) ({RR} 11. Nxd4 Qxd4 12. c3 Qb6 13. O-O Be6 14. d4 O-O-O 15. Nd2 g5 16. hxg5 h4 17. Be5 Rhg8 18. Ne4 Qc6 19. Qe2 Bd5 20. f3 Bxe4 21. Qxe4 Qxc3 22. Rac1 {1-0 (22) Chan,L (2147)-Parfenov,V (2193) chess.com INT 2023}) 11... Nf5 12. d4 Nxh4 13. Bxh4 Bxh4 14. Qd3 g6 15. Qe4+ Be7 16. Nd5 Qd6 17. c4 Bf5 18. Qe5 Qxe5 19. dxe5 Bd8 20. O-O-O Kf8 21. Nd4 Be4 22. f3 Bxd5 23. cxd5 Bg5+ 24. Kc2 Bf4 25. Rhe1 Re8 26. Re4 g5 27. e6 Kg7 28. Rde1 f6 29. g3 Be5 30. f4 Bxd4 31. Rxd4 Kg6 32. Kd3 h4 33. fxg5 fxg5 34. gxh4 Rxh4 35. Rxh4 gxh4 36. Ke4 Rh8 37. d6 cxd6 38. Kd5 h3 39. Kxd6 h2 40. e7 Kf7 41. Kd7 1-0

[Event "GCT Superbet Blitz Poland 2025"]
[Site "Warsaw"]
[Date "2025.04.30"]
[Round "12"]
[White "Aravindh, Chithambaram VR."]
[Black "Deac, Bogdan-Daniel"]
[Result "1-0"]
[ECO "A30"]
[WhiteElo "2749"]
[BlackElo "2668"]
[Annotator "ChessBase"]
[PlyCount "145"]
[EventDate "2025.??.??"]
[EventType "blitz"]
[TimeControl "300+2"]

1. Nf3 {[%emt 0:00:02] Sagar,Shah/CB Website} Nf6 2. b3 g6 3. Bb2 Bg7 4. g3 b6 5. Bg2 Bb7 6. O-O c5 7. c4 O-O 8. e3 Nc6 ({RR} 8... d6 9. Qe2 Nbd7 10. Rd1 e6 11. Nc3 Qe7 12. d4 Rad8 13. Qc2 ({RR} 13. e4) 13... d5 14. Ne5 cxd4 15. exd4 Nxe5 16. dxe5 Ng4 17. cxd5 exd5 18. Bxd5 ({RR} 18. Nxd5 Bxd5 19. Rxd5 Rxd5 20. Bxd5 Bxe5 21. Rd1) 18... Nxe5 19. Qe4 Bc8 20. Re1 Bf5 21. Qe3 Qc5 22. Rad1 Bg4 ({RR} 22... Nd3 23. Rxd3 Bxd3 24. Qxd3 Bxc3) 23. Rb1 {Giri,A (2784)-Vachier Lagrave,M (2773) London 2015 CBM 170 [Sagar,Shah/CB Website] 0-1 (41)} {RR} Rxd5 24. Nxd5 Nf3+ 25. Kg2 Qxd5) 9. Qe2 d5 10. d3 ({RR} 10. cxd5 Nb4 11. d3 Qxd5 12. Ne1 Qd7 13. Bxb7 Qxb7 14. d4 cxd4 15. Bxd4 Rac8 16. a3 Nc6 17. Bc3 Na5 18. Qb2 Rxc3 {0-1 (18) Willmoth,R (2115)-Rudd,J (2243) London ENG 2024}) 10... e6 11. Nbd2 $146 ({RR} 11. Nc3 Qe7 12. Rfd1 Rad8 13. Rac1 Rd7 14. a3 Rfd8 15. cxd5 exd5 16. Nb1 d4 17. e4 Na5 18. Qc2 Nxe4 19. Re1 Qd6 20. b4 cxb4 21. axb4 Qxb4 22. Ba3 Qb5 23. dxe4 d3 24. Qa2 Nb3 25. Rcd1 Rc8 {Hayrapetyan,H (2465)-Isaev,J (2310) Dubai 2015 1-0 (39)}) 11... Qe7 12. a3 Rfd8 13. Rfe1 Rd7 14. cxd5 Nxd5 15. Bxg7 Kxg7 16. Nc4 Kg8 17. h4 Rad8 18. Rac1 Qf6 19. Qc2 Nde7 20. Red1 h6 21. Kh2 Ba8 22. Qe2 Nd5 23. Qc2 Nde7 24. Ncd2 Qg7 25. Ne4 Nd5 26. d4 f5 27. Ned2 cxd4 28. exd4 Nxd4 29. Nxd4 Qxd4 30. Nf3 Qf6 31. Re1 Rc7 32. Qd2 Rxc1 33. Qxc1 Kg7 34. Ne5 Bb7 35. b4 Qe7 36. b5 Qc5 37. Qb2 Kh7 38. Rc1 Qe7 39. Nc6 Bxc6 40. bxc6 Nc7 41. Qe5 Qd6 42. Qe2 Kg7 43. Re1 Qd4 44. a4 Qf6 45. a5 b5 46. a6 Qd4 47. Bf3 b4 48. Kg2 Qc3 49. Rd1 Rxd1 50. Qxd1 Kh7 51. Qd6 Qg7 52. Qxb4 Nxa6 53. Qa5 Nc7 54. Qxa7 Qe7 55. Qd4 Kg8 56. Qe5 Qg7 57. Qd6 Qf7 58. Be2 Ne8 59. Qe5 Qe7 60. Bc4 Nc7 61. h5 gxh5 62. Qxf5 Kg7 63. Qe5+ Kg8 64. Qxh5 Qf6 65. Qg4+ Kf8 66. Qe4 Ke7 67. Be2 Kd6 68. Bf3 Nd5 69. Qc4 Nc7 70. Qb4+ Ke5 71. Qb2+ Kf5 72. Be4+ Kg5 73. f4+ 1-0

[Event "GCT Superbet Blitz Poland 2025"]
[Site "Warsaw"]
[Date "2025.04.30"]
[Round "12"]
[White "Duda, Jan-Krzysztof"]
[Black "Fedoseev, Vladimir"]
[Result "1-0"]
[ECO "D14"]
[WhiteElo "2739"]
[BlackElo "2739"]
[Annotator "ChessBase"]
[PlyCount "97"]
[EventDate "2025.??.??"]
[EventType "blitz"]
[TimeControl "300+2"]

1. d4 d5 2. Nf3 c5 3. c3 cxd4 4. cxd4 Nc6 5. Nc3 Nf6 6. Bf4 Bf5 7. e3 e6 8. Qb3 Bb4 9. Ne5 Qb6 10. Be2 ({RR} 10. Nxc6 bxc6 11. Be2 Ne4 12. f3 Nxc3 13. bxc3 Be7 14. O-O O-O 15. c4 c5 16. cxd5 Qxb3 17. axb3 exd5 18. dxc5 Bxc5 19. Rfd1 Be6 20. Kf2 a5 21. Be5 Rfc8 22. Rdc1 Bb4 23. Bd1 Rxc1 24. Rxc1 Rc8 {Aronian,L (2784)-Vachier Lagrave,M (2788) Stavanger 2016 ½-½ (38)}) ({RR} 10. Nxc6 bxc6 11. Be2 Ne4 12. f3 Nxc3 13. bxc3 Be7 14. c4 Qxb3 15. axb3 Bb4+ 16. Kf2 a5 17. cxd5 cxd5 18. Rhc1 O-O 19. Rc6 Rfc8 20. Rac1 Rxc6 21. Rxc6 h6 22. g4 Bg6 23. Bb5 h5 24. h3 hxg4 {Pilgaard,K (2387)-Kristensen,K (2307) Denmark DEN 2025 1-0 (58)}) 10... Ne4 11. Rc1 Nxe5 $146 ({RR} 11... Bxc3+ 12. bxc3 Qxb3 13. axb3 Nxe5 14. Bxe5 f6 15. Bg3 Nxg3 16. hxg3 Kd7 17. Kd2 Kd6 18. Bd3 Bxd3 19. Kxd3 h6 20. c4 Rhc8 21. c5+ Kc6 22. Ra1 a5 23. Rhc1 Ra6 24. Rc2 Rca8 25. Ra4 Rd8 26. b4 {Nadal,B (2044)-Borrego Sanchez,F (2011) Palma de Mallorca 2000 ½-½ (42)}) 12. Bxe5 O-O 13. f3 Nxc3 14. bxc3 Ba5 15. g4 Bg6 16. Kf2 f6 17. Bg3 Rfc8 18. c4 Qxb3 19. axb3 Bb4 20. h4 a5 21. h5 Be8 22. Bd3 Bc6 23. Ra1 Bc3 24. Rac1 Bb4 25. Rb1 Rd8 26. Rhc1 dxc4 27. bxc4 e5 28. d5 Be8 29. Ke2 Rac8 30. Be1 Bxe1 31. Kxe1 Rd6 32. Rc2 b6 33. e4 g6 34. h6 Bd7 35. Rcb2 b5 36. cxb5 Rb6 37. Ra2 f5 38. g5 fxe4 39. fxe4 Ra8 40. Rba1 Bxb5 41. Rb2 Bxd3 42. Rxb6 Bxe4 43. d6 Kf7 44. Rb5 a4 45. Rxe5 Bc6 46. Re7+ Kg8 47. Rg7+ Kh8 48. Rc7 Bb5 49. d7 1-0

[Event "GCT Superbet Blitz Poland 2025"]
[Site "Warsaw"]
[Date "2025.04.30"]
[Round "12"]
[White "Topalov, Veselin"]
[Black "Vachier-Lagrave, Maxime"]
[Result "0-1"]
[ECO "E60"]
[WhiteElo "2717"]
[BlackElo "2722"]
[Annotator "ChessBase"]
[PlyCount "110"]
[EventDate "2025.??.??"]
[EventType "blitz"]
[TimeControl "300+2"]

1. d4 Nf6 2. c4 g6 3. Nf3 Bg7 4. e3 O-O 5. h3 b6 ({RR} 5... c5 6. d5 e6 7. Nc3 d6 8. Bd3 Na6 9. O-O Nc7 10. e4 b5 11. cxb5 exd5 12. exd5 a6 13. bxa6 Bxa6 14. Re1 Qd7 15. Bg5 Rfb8 16. Bxa6 Rxa6 17. Qd2 Nb5 18. Bh6 Bxh6 19. Qxh6 Nd4 20. Ng5 {Salem,A (2638)-Vaishali,R (2488) Biel SUI 2024 1-0 (107)}) 6. Be2 Bb7 7. O-O e6 8. Nc3 $146 ({RR} 8. b4 d5 9. Nbd2 Nbd7 10. Bb2 c5 11. dxc5 bxc5 12. b5 a6 13. a4 axb5 14. axb5 Ne8 15. Qc2 Nd6 16. Rxa8 Bxa8 17. Bxg7 Kxg7 18. Ra1 Bb7 19. cxd5 exd5 20. Nb3 Qb6 21. Na5 Ra8 22. Qb2+ f6 {Yu Yangyi (2720)-Kuybokarov,T (2584) Douglas IOM 2023 ½-½ (65)}) ({RR} 8. b4 d5 9. Nbd2 Nbd7 10. Bb2 c5 11. dxc5 bxc5 12. b5 a6 13. a4 axb5 14. axb5 Ne8 15. Qc2 Nd6 16. Rxa8 Bxa8 17. Bxg7 Kxg7 18. Ra1 Bb7 19. cxd5 exd5 20. Nb3 Qb6 21. Na5 Ra8 22. Qb2+ f6 {Yu Yangyi (2720)-Kuybokarov,T (2584) Douglas IOM 2023 ½-½ (65)}) 8... d5 9. cxd5 Nxd5 10. Bd2 Nd7 11. Nxd5 Bxd5 12. Bc3 c5 13. Rc1 Rc8 14. Qa4 a5 15. Rfd1 Rc7 16. Qa3 Qa8 17. dxc5 Bxc3 18. Rxc3 Nxc5 19. b4 axb4 20. Qxb4 Rfc8 21. Ra3 Ra7 22. Rxa7 Qxa7 23. a3 Ne4 24. Bf1 Nc3 25. Rd3 Qa5 26. Nd4 Qxb4 27. axb4 Na2 28. Rd2 Nxb4 29. Rb2 Nc6 30. Rxb6 Nxd4 31. exd4 Rc1 32. Rb4 Be4 33. Rb3 Rd1 34. f3 Bc2 35. Rc3 Ba4 36. Kf2 Rxd4 37. g3 g5 38. Rc4 Rd2+ 39. Ke3 Ra2 40. h4 gxh4 41. Rxh4 Ra3+ 42. Kf2 Bc2 43. Rc4 Bg6 44. Be2 Kg7 45. g4 h5 46. gxh5 Bxh5 47. Rh4 Bg6 48. Rb4 e5 49. Rb6 Kh6 50. Bc4 Kg5 51. Bd5 Ra5 52. Rd6 f5 53. Be6 Kf4 54. Rb6 Bh5 55. Rb4+ Kg5 0-1

[Event "GCT Superbet Blitz Poland 2025"]
[Site "Warsaw"]
[Date "2025.04.30"]
[Round "12"]
[White "Gavrilescu, David"]
[Black "Aronian, Levon"]
[Result "0-1"]
[ECO "B51"]
[WhiteElo "2554"]
[BlackElo "2747"]
[Annotator "ChessBase"]
[PlyCount "76"]
[EventDate "2025.??.??"]
[EventType "blitz"]
[TimeControl "300+2"]

1. e4 c5 2. Nf3 d6 3. Bb5+ Nd7 4. O-O a6 5. Bxd7+ Bxd7 6. c3 Nf6 7. Re1 e6 8. d4 Be7 9. e5 dxe5 10. dxe5 Nd5 11. c4 Nb6 12. Qe2 Bc6 13. b3 Nd7 ({RR} 13... O-O 14. Nc3 Qc7 15. Ne4 Rfd8 16. Bb2 Nd7 17. Qe3 Nf8 18. Nf6+ Bxf6 19. exf6 Ng6 20. fxg7 Qf4 21. Ne5 Qxe3 22. Rxe3 Nxe5 23. Bxe5 Rd2 24. a4 Rad8 25. Rae1 Rd1 26. h4 Rxe1+ 27. Rxe1 h5 28. f3 {Matlakov,M (2662)-Yu Yangyi (2729) chess.com INT 2023 1-0}) ({RR} 13... Qc7 14. Bf4 Nd7 15. Nc3 O-O 16. Rad1 Rad8 17. Ne4 Bxe4 18. Qxe4 Nb8 19. Bg5 Nc6 20. h4 h6 21. Bxe7 Qxe7 22. h5 Rxd1 23. Rxd1 Rd8 24. Rd3 Rxd3 25. Qxd3 Qc7 26. Qe3 Qa5 27. a4 Qb4 28. Qd3 {Shevchenko,Y (2092)-Mattenberger,M (2338) chess.com INT 2025 0-1 (31)}) 14. Nc3 g5 $146 ({RR} 14... Qc7 15. Bf4 g5 16. Nxg5 Rg8 17. Qh5 O-O-O 18. Nce4 Rg7 19. Nxf7 Bxe4 20. Rxe4 Rf8 21. Ng5 Qc6 22. Rae1 Rxf4 23. Rxf4 Rxg5 24. Qe8+ Bd8 25. f3 Nxe5 26. Qxc6+ Nxc6 27. Rxe6 Nd4 28. Re8 Kd7 29. Rh8 {Mirimanian,H (2288)-Gokerkan,C (2512) chess.com INT 2024 0-1 (43)}) ({RR} 14... Qc7 15. Bf4 g5 16. Nxg5 Rg8 17. Qh5 O-O-O 18. Nce4 Rg7 19. Nxf7 Bxe4 20. Rxe4 Rf8 21. Ng5 Qc6 22. Rae1 Rxf4 23. Rxf4 Rxg5 24. Qe8+ Bd8 25. f3 Nxe5 26. Qxc6+ Nxc6 27. Rxe6 Nd4 28. Re8 Kd7 29. Rh8 {Mirimanian,H (2288)-Gokerkan,C (2512) chess.com INT 2024 0-1 (43)}) ({RR} 14... Qc7 15. Bf4 g5 16. Nxg5 Rg8 17. Qh5 O-O-O 18. Nce4 Rg7 19. Nxf7 Bxe4 20. Rxe4 Rf8 21. Ng5 Qc6 22. Rae1 Rxf4 23. Rxf4 Rxg5 24. Qe8+ Bd8 25. f3 Nxe5 26. Qxc6+ Nxc6 27. Rxe6 Nd4 28. Re8 Kd7 29. Rh8 {Mirimanian,H (2288)-Gokerkan,C (2512) chess.com INT 2024 0-1 (43)}) 15. Bb2 g4 16. Nd2 Qb6 17. Nd5 Qd8 18. Qxg4 exd5 19. e6 d4 20. Qg7 Rf8 21. exd7+ Kxd7 22. Ne4 Kc7 23. b4 Rg8 24. Qxf7 Qf8 25. Qxf8 Raxf8 26. g3 cxb4 27. Bxd4 Rf5 28. Rad1 a5 29. f4 a4 30. Be5+ Kb6 31. Nd6 Bxd6 32. Bxd6 Ka5 33. Rb1 Rf6 34. Bxb4+ Ka6 35. Bc3 Rxf4 36. c5 Rc4 37. Bb4 Rc2 38. Rbc1 Rg2+ 0-1

[Event "GCT Superbet Blitz Poland 2025"]
[Site "Warsaw"]
[Date "2025.04.30"]
[Round "13"]
[White "Firouzja, Alireza"]
[Black "Gavrilescu, David"]
[Result "0-1"]
[ECO "B92"]
[WhiteElo "2757"]
[BlackElo "2554"]
[Annotator "ChessBase"]
[PlyCount "72"]
[EventDate "2025.??.??"]
[EventType "blitz"]
[TimeControl "300+2"]

1. e4 c5 2. Nf3 d6 3. d4 cxd4 4. Nxd4 Nf6 5. Nc3 a6 6. Be2 e5 7. Nb3 Be7 8. Be3 Be6 9. Qd3 Nbd7 10. Nd5 Bxd5 11. exd5 Rc8 12. c4 O-O 13. O-O a5 14. Rae1 ({RR} 14. Nd2 Nc5 15. Qc2 Nfd7 16. Bg4 g6 17. Bxd7 Nxd7 18. Qb3 f5 19. f3 Bg5 20. f4 exf4 21. Bxf4 Nc5 22. Qg3 Bxf4 23. Qxf4 Qf6 24. b3 g5 25. Qf2 Rce8 26. Rad1 g4 27. Nb1 f4 28. Qd4 Qg5 {Anand,V (2794)-Shirov,A (2722) Leon 2001 1-0 (56)}) ({RR} 14. a4 b6 15. h3 g6 16. Bh6 Re8 17. Rac1 Bf8 18. Bg5 h6 19. Be3 Bg7 20. Bg4 Nxg4 21. hxg4 e4 22. Qe2 Ne5 23. Bd4 Qh4 24. Rc3 Qxg4 25. Qxg4 Nxg4 26. Bxg7 Kxg7 27. Re1 f5 28. Nd4 Ne5 {Willems,N (2406)-Gavrilescu,D (2549) Eforie Nord ROU 2025 0-1 (44)}) 14... g6 15. Kh1 Ne8 16. f4 $146 ({RR} 16. Qd2 a4 17. Na5 Qc7 18. b4 axb3 19. axb3 Ng7 20. Bd3 Nb8 21. Qb4 Na6 22. Qb5 Nc5 23. Bc2 f5 24. f4 exf4 25. Bxf4 Bf6 26. b4 Ne4 27. Bxe4 fxe4 28. c5 Nf5 29. Qxb7 Qxb7 30. Nxb7 Bc3 {Roser,K (2369)-Rozen,E (2508) Karlsruhe GER 2025 ½-½ (58)}) 16... a4 17. Nd2 f5 18. Qa3 Nef6 19. Qxa4 Nc5 20. Qc2 Nce4 21. Nxe4 Nxe4 22. Bf3 b5 23. b3 bxc4 24. bxc4 exf4 25. Bxf4 Nc5 26. Bh6 Rf7 27. Qd2 Bf6 28. g4 Bh4 29. Rb1 g5 30. gxf5 Qf6 31. Bh5 Re7 32. Qd1 Ne4 33. Bg6 hxg6 34. Qg4 Rce8 35. fxg6 Nf2+ 36. Rxf2 Re1+ 0-1

[Event "GCT Superbet Blitz Poland 2025"]
[Site "Warsaw"]
[Date "2025.04.30"]
[Round "13"]
[White "Aronian, Levon"]
[Black "Deac, Bogdan-Daniel"]
[Result "1/2-1/2"]
[ECO "D35"]
[WhiteElo "2747"]
[BlackElo "2668"]
[Annotator "ChessBase"]
[PlyCount "125"]
[EventDate "2025.??.??"]
[EventType "blitz"]
[TimeControl "300+2"]

1. c4 e6 2. Nc3 d5 3. d4 Nf6 4. cxd5 exd5 5. Bg5 Be7 6. e3 h6 7. Bh4 Bg4 8. Nf3 ({RR} 8. f3 Be6 9. Bd3 c5 10. Nge2 Nc6 11. dxc5 Bxc5 12. Bf2 O-O 13. O-O Ne5 14. Nf4 a6 15. Rc1 Rc8 16. Kh1 b5 17. b3 Qb6 18. Qe2 Ba3 19. Rc2 Qa5 20. Nb1 Nxd3 21. Qxd3 Rxc2 22. Qxc2 Rc8 {Puranik,A (2634)-Deac,B (2683) chess.com INT 2024 0-1 (74)}) 8... c6 9. h3 $146 ({RR} 9. Qc2 Nbd7 10. Bd3 O-O 11. h3 Bxf3 12. gxf3 Rc8 13. O-O-O c5 14. Bf5 b5 15. Kb1 cxd4 16. Rxd4 b4 17. Bxf6 {½-½ (17) Henriquez Villagra,C (2594)-Sokolovsky,Y (2516) Sant Boi ESP 2024}) ({RR} 9. Bd3 O-O 10. O-O Ne4 11. Bxe7 Qxe7 12. Be2 Nd7 13. Ne1 Bxe2 14. Qxe2 a5 15. Qc2 h5 16. Nd3 h4 17. h3 Rfe8 18. Rfe1 Qg5 19. Rab1 Nd6 20. a4 Qf5 21. Rec1 Nb6 22. b3 Re7 23. Qd1 g5 {Praggnanandhaa,R (2690)-Eljanov,P (2694) Budapest HUN 2023 ½-½ (54)}) ({RR} 9. Bd3 Nbd7 10. h3 Bxf3 11. Qxf3 O-O 12. O-O Re8 13. Rab1 a5 14. Bg3 Nf8 15. Be5 N6d7 16. Bh2 Nb6 17. Ne2 Bd6 18. Ng3 g6 19. Rfe1 Ne6 20. Qg4 Ng7 21. Kh1 Qd7 22. Nh5 Qxg4 23. Nf6+ Kh8 {Moussard,J (2599)-Di Benedetto,E (2411) chess.com INT 2025 0-1 (129)}) ({RR} 9. Bd3 Ne4 10. Bxe7 Qxe7 11. Qc2 Nxc3 12. bxc3 Nd7 13. O-O O-O 14. Nd2 c5 15. Rae1 Rac8 16. f4 Nb6 17. h3 Bd7 18. Qd1 Na4 19. f5 f6 20. e4 Nxc3 21. exd5 Qd6 22. Qg4 b5 23. Rf3 Qxd5 {Kolesnikov,E (2362)-Nogerbek,K (2480) Moscow RUS 2024 0-1 (57)}) ({RR} 9. Qc2 Nbd7 10. h3 Bh5 11. Bd3 Nf8 12. g4 Bg6 13. O-O-O Bxd3 14. Qxd3 N6d7 15. Bg3 Ne6 16. h4 Bb4 17. Ne2 Nf6 18. Ne5 Bd6 19. f3 Qe7 20. h5 a5 21. Kb1 a4 22. Bh4 Qc7 23. Ng3 a3 {Daneshvar,B (2581)-Maghsoodloo,P (2732) Aktobe KAZ 2024 1-0 (58)}) 9... Bxf3 10. Qxf3 Ne4 11. Bxe7 Qxe7 12. Bd3 Nd6 13. O-O-O Nd7 14. Kb1 O-O-O 15. Qg3 f5 16. f3 Rhf8 17. Rhe1 Nb6 18. e4 fxe4 19. fxe4 dxe4 20. Bxe4 Qc7 21. Bc2 Ndc4 22. Qd3 Kb8 23. Ne4 Rfe8 24. Bb3 Na5 25. Bc2 Nac4 26. Nc5 Rxe1 27. Rxe1 Qd6 28. Qc3 Qxd4 29. Qxd4 Rxd4 30. Re7 Rd2 31. Rxb7+ Ka8 32. Rxg7 a5 33. Rg8+ Ka7 34. Rg7+ Ka8 35. Kc1 Rf2 36. Bd3 Nxb2 37. Be4 Nd5 38. Rg6 Nc4 39. Rxc6 Nce3 40. Rxh6 Ka7 41. Ra6+ Kb8 42. Bxd5 Nxd5 43. Rxa5 Nc3 44. g4 Nxa2+ 45. Kd1 Nc3+ 46. Ke1 Rh2 47. g5 Rxh3 48. Kf2 Rh2+ 49. Kg3 Rh7 50. Kg4 Rh1 51. Ra3 Nd5 52. Rg3 Kc7 53. g6 Kd6 54. Ne4+ Ke7 55. Kf5 Kf8 56. g7+ Kg8 57. Ke6 Nf4+ 58. Ke5 Nh5 59. Rg5 Nxg7 60. Nd6 Rh5 61. Rxh5 Nxh5 62. Nf5 Ng7 63. Nxg7 1/2-1/2

[Event "GCT Superbet Blitz Poland 2025"]
[Site "Warsaw"]
[Date "2025.04.30"]
[Round "13"]
[White "Duda, Jan-Krzysztof"]
[Black "Aravindh, Chithambaram VR."]
[Result "1-0"]
[ECO "E12"]
[WhiteElo "2739"]
[BlackElo "2749"]
[Annotator "ChessBase"]
[PlyCount "59"]
[EventDate "2025.??.??"]
[EventType "blitz"]
[TimeControl "300+2"]

1. d4 Nf6 2. Nf3 b6 3. c4 Bb7 4. Nc3 e6 5. a3 d5 6. cxd5 Nxd5 7. Bd2 Be7 8. Qc2 O-O 9. e4 Nxc3 10. Bxc3 c5 11. O-O-O cxd4 12. Nxd4 Qc7 ({RR} 12... Qc8 13. h4 Nc6 14. Rh3 Nxd4 15. Rxd4 Bc5 16. Rd2 e5 17. Bxe5 Qe6 18. f4 Rfc8 19. Bc4 Be3 20. Bxe6 Bxd2+ 21. Kxd2 Rxc2+ 22. Kxc2 Bxe4+ 23. Kc3 fxe6 24. Rg3 g6 25. Kd4 Bf5 26. h5 Rd8+ 27. Kc4 {Voiteanu,G (2151)-Costescu,M (1944) Eforie Nord ROU 2024 1-0 (51)}) 13. f3 a6 14. Kb1 Nd7 $146 ({RR} 14... Nc6 15. Be2 Rac8 16. Nxc6 Qxc6 17. Qb3 Bc5 18. Rc1 Qd6 19. g3 b5 20. Ba5 Bb6 21. Rcd1 Qc7 22. Rc1 Bc6 23. Bc3 Rfd8 24. Rhd1 Be3 25. Rxd8+ Rxd8 26. Rc2 Bg1 27. Be1 Qb7 28. Rc1 h6 29. Rd1 {Pert,N (2475)-Geirnaert,S Athens 2001 ½-½ (45)}) 15. Bb4 Nc5 16. Nb3 a5 17. Bxc5 bxc5 18. Bb5 Bc6 19. Bxc6 Qxc6 20. e5 c4 21. Rd4 Qb5 22. Rxc4 Qxe5 23. Nd4 Bf6 24. Nc6 Qb5 25. Rd1 Bxb2 26. a4 Qa6 27. Kxb2 Rae8 28. Qb3 h6 29. Rd7 e5 30. Ra7 1-0

[Event "GCT Superbet Blitz Poland 2025"]
[Site "Warsaw"]
[Date "2025.04.30"]
[Round "13"]
[White "Fedoseev, Vladimir"]
[Black "Topalov, Veselin"]
[Result "1-0"]
[ECO "A45"]
[WhiteElo "2739"]
[BlackElo "2717"]
[Annotator "ChessBase"]
[PlyCount "65"]
[EventDate "2025.??.??"]
[EventType "blitz"]
[TimeControl "300+2"]

1. d4 Nf6 2. Bg5 e6 3. e4 h6 4. Bxf6 Qxf6 5. Nc3 b6 6. e5 ({RR} 6. Qd2 Bb7 7. a3 Nc6 8. O-O-O O-O-O 9. g3 g5 10. Bg2 h5 11. f3 Kb8 12. Kb1 Bg7 13. e5 Qh6 14. Ne4 f6 15. exf6 Bxf6 16. Ne2 h4 17. f4 gxf4 18. Nxf6 Qxf6 19. Nxf4 hxg3 20. hxg3 Rxh1 {Nakamura,H (2795)-Santos Latasa,J (2626) chess.com INT 2024 1-0 (64)}) 6... Qd8 7. a3 $146 ({RR} 7. Qf3 Nc6 8. O-O-O Bb7 9. Bd3 Be7 10. Nge2 Qc8 11. Qg4 O-O 12. Ng3 f5 13. exf6 Bxf6 14. Nh5 Nb4 15. Be4 d5 16. Bg6 e5 17. Bf5 Qxf5 18. Qxf5 Bg5+ 19. Qxg5 hxg5 20. a3 Nc6 21. dxe5 d4 {Bellon Lopez,J (2404)-Dzagnidze,N (2550) Caleta 2011 0-1 (56)}) ({RR} 7. Nf3 Bb7 8. Bd3 Be7 9. Qe2 d5 10. exd6 cxd6 11. O-O-O Nd7 12. Kb1 Nf6 13. Bb5+ Kf8 14. Ba6 Qc8 15. Bxb7 Qxb7 16. Rhe1 d5 17. Ne5 Bd6 18. Qf3 b5 19. Ne2 Bxe5 20. dxe5 Ne4 21. Nd4 Kg8 {Mamedyarov,S (2722)-Ambartsumova,K (2418) chess.com INT 2024 1-0 (42)}) ({RR} 7. Qf3 Nc6 8. O-O-O Bb7 9. Nh3 Be7 10. Bd3 Bg5+ 11. Kb1 Qe7 12. Qg4 O-O-O 13. f4 f5 14. Qe2 Nxd4 15. Qe3 Bxg2 16. Rhg1 Bxh3 17. Qxd4 Kb8 18. Qa4 a5 19. Qc4 Rc8 20. Qc5 d5 21. exd6 cxd6 {Gallego Alcaraz,A (2381)-Guerrero Sierra,J (2275) Medellin 2010 1-0 (34)}) ({RR} 7. f4 Bb7 8. Nf3 Bb4 9. Bd3 c5 10. O-O Bxc3 11. bxc3 cxd4 12. cxd4 O-O 13. Ng5 f5 14. Nf3 Nc6 15. c3 Rc8 16. Rc1 Na5 17. Nd2 Rc7 18. Qe2 Qe7 19. c4 Rfc8 20. Rc3 Qb4 21. Rfc1 d5 {Donka,P (2225)-Magyar,O (2340) Hungary 1996 0-1 (45)}) 7... Bb7 8. f4 d6 9. Nf3 Nd7 10. Qe2 g6 11. d5 Qe7 12. Nb5 Kd8 13. dxe6 Qxe6 14. O-O-O a6 15. Nc3 Kc8 16. Nd4 Qe8 17. e6 fxe6 18. Nxe6 Nf6 19. h4 h5 20. Qc4 c5 21. Re1 d5 22. Qe2 Bd6 23. b3 d4 24. Na4 Qc6 25. Qd3 Ne4 26. Rxe4 Qxe4 27. Nxb6+ Kb8 28. Qxe4 Bxe4 29. Nxa8 Kxa8 30. Bxa6 Bxg2 31. Rg1 Bd5 32. Rxg6 Re8 33. f5 1-0

[Event "GCT Superbet Blitz Poland 2025"]
[Site "Warsaw"]
[Date "2025.04.30"]
[Round "13"]
[White "Vachier-Lagrave, Maxime"]
[Black "Praggnanandhaa R"]
[Result "1-0"]
[ECO "B01"]
[WhiteElo "2722"]
[BlackElo "2758"]
[Annotator "ChessBase"]
[PlyCount "147"]
[EventDate "2025.??.??"]
[EventType "blitz"]
[TimeControl "300+2"]

1. e4 d5 2. exd5 Qxd5 3. Nc3 Qa5 4. d4 Bf5 5. Bc4 e6 6. Nge2 Nf6 7. O-O c6 8. Bf4 Nbd7 9. Re1 $146 ({RR} 9. a3 Be7 10. Ng3 Bg6 11. f3 O-O 12. Nge4 Bxe4 13. fxe4 Qh5 14. Be2 Qg6 15. e5 Ne4 16. Nxe4 Qxe4 17. Bd3 Qxd4+ 18. Kh1 g6 19. Bh6 Rfe8 20. Bxg6 {1-0 (20) Haubro,M-Kristensen,S Copenhagen 2007}) 9... Be7 10. Ng3 Bg6 11. Bd3 Bxd3 12. Qxd3 O-O 13. a3 Rfe8 14. Rad1 Rad8 15. Nce4 Nxe4 16. Nxe4 Nf6 17. Nd2 c5 18. Be5 Ng4 19. Qe2 Nxe5 20. dxe5 Qa4 21. Nc4 Qc6 22. Na5 Qc7 23. Nc4 b5 24. Nd6 Bxd6 25. exd6 Rxd6 26. Qxb5 Rb8 27. Qa4 g6 28. b3 Rbd8 29. Rxd6 Rxd6 30. g3 Rd4 31. Qb5 c4 32. Qb4 Qb6 33. Qc3 cxb3 34. cxb3 h5 35. h4 a5 36. Rb1 Rd5 37. b4 axb4 38. axb4 Qb5 39. Ra1 e5 40. Kg2 Qd7 41. Ra5 Kh7 42. Rxd5 Qxd5+ 43. Kh2 Kg7 44. Qe3 Qb5 45. Qd2 Kf6 46. Qd6+ Kf5 47. Kg2 Qb7+ 48. f3 Qb5 49. Kf2 Qc4 50. Qd7+ Kf6 51. Qd6+ Kf5 52. Ke3 Qc1+ 53. Ke2 Qb2+ 54. Qd2 Qa1 55. b5 Qg1 56. Qd3+ Ke6 57. Qc4+ Kf6 58. Qc6+ Kg7 59. b6 Qxg3 60. b7 e4 61. Qxe4 Qc7 62. Kd3 g5 63. hxg5 h4 64. Qd4+ Kg8 65. Qb4 Qb8 66. Qe7 h3 67. g6 fxg6 68. Qd7 h2 69. Qc8+ Kh7 70. Qxb8 h1=Q 71. Qc7+ Kh6 72. Qf4+ Kg7 73. b8=Q Qd1+ 74. Kc3 1-0